Map: Frozen Temple

Players

FinnsoN

  • Race: Terran Terran
  • League: Master

overmind - Winner!

  • Race: Zerg Zerg
  • League: Master

VOD

Have the link to the VOD?

Description

Time

  • Played on: July 10, 2016, 12:41 p.m.
  • Length: 7:25
Show
View Real Time Build Order
Export as new Build Order

FinnsoN Terran 

Build Orders:  

Get SALT Encoding   

  12  0:00  SCV  
  13  0:13  SCV  
  14  0:18  Supply Depot  
  14  0:25  SCV  
  15  0:39  SCV  
  15  0:41  Barracks  
  16  0:52  SCV  
  16  0:53  Refinery  
  17  1:04  SCV  
  18  1:16  SCV  
  19  1:29  Orbital Command  
  19  1:36  Barracks Reactor  
  19  1:43  Command Center  
  19  1:55  SCV  
  20  2:02  Supply Depot  
  20  2:09  SCV  
  20  2:12  Marine x2  
  23  2:23  SCV  
  23  2:26  Factory  
  24  2:30  Marine x2, Refinery  
  24  2:35  SCV  
  27  2:48  SCV, Marine x2  
  30  3:00  SCV  
  30  3:02  Orbital Command  
  31  3:06  Marine x2  
  31  3:11  Factory Reactor  
  31  3:12  SCV  
  34  3:14  Starport  
  34  3:18  Bunker  
  34  3:24  Marine x2, SCV  
  37  3:28  Supply Depot, SCV  
  38  3:36  SCV  
  39  3:41  Marine  
  39  3:42  Marine  
  41  3:49  Supply Depot  
  41  3:52  SCV  
  41  3:53  SCV  
  43  3:57  Medivac x2  
  43  3:58  Widow Mine  
  43  3:59  Marine x2  
  51  4:04  SCV  
  51  4:09  SCV  
  53  4:12  Supply Depot  
  53  4:16  SCV, Liberator  
  54  4:17  Marine x2  
  54  4:21  SCV  
  57  4:27  Viking  
  57  4:28  SCV  
  60  4:36  SCV  
  66  4:39  Supply Depot  
  66  4:41  SCV  
  66  4:42  Factory Tech Lab  
  65  4:51  Marine  
  66  4:56  Command Center  
  66  5:03  Marine  
  62  5:09  Siege Tank  
  53  5:15  Marine  
  53  5:21  Marine  
  54  5:29  SCV  
  54  5:32  Marine  
  56  5:39  Marine  
  57  5:50  Marine  
  57  5:55  SCV  
  59  6:08  SCV, Marine  
  59  6:09  Factory Tech Lab  
  58  6:24  SCV, Marine  
  51  6:37  SCV  
  52  6:42  Marine x2  
  50  6:52  Orbital Command  
  50  7:00  Marine x2  
Show
View Real Time Build Order
Export as new Build Order

overmind Zerg - Winner!

Build Orders: Hatch First, Roach Nydus 

Get SALT Encoding   

  12  0:00  Drone  
  13  0:12  Overlord  
  13  0:18  Drone  
  14  0:25  Extractor  
  14  0:26  Drone  
  15  0:31  Drone  
  16  0:38  Drone  
  17  1:02  Hatchery  
  16  1:06  Drone  
  16  1:07  Drone  
  16  1:08  Drone  
  19  1:21  Spawning Pool  
  19  1:23  Extractor  
  17  1:34  Drone x2  
  19  1:43  Overlord  
  19  1:51  Drone  
  20  2:21  Overlord  
  20  2:22  Queen x2  
  24  2:23  Drone x2  
  24  2:24  Zergling x2  
  27  2:33  Drone  
  28  2:42  Drone x2  
  30  2:49  Drone x2  
  32  2:58  Lair, Queen  
  34  3:00  Drone x2  
  36  3:08  Extractor x2  
  36  3:10  Drone x2  
  36  3:18  Drone x2  
  38  3:28  Drone  
  38  3:31  Drone x4  
  43  3:34  Drone  
  44  3:45  Roach Warren  
  43  3:59  Overlord  
  43  4:00  Overlord x2, Queen, Nydus Network  
  44  4:05  Overseer  
  44  4:26  Roach x7  
  58  4:35  Roach  
  60  4:40  Zergling x2  
  61  4:46  Nydus Canal  
  61  4:47  Roach  
  63  4:54  Roach x2  
  63  4:57  Burrow  
  67  5:14  Zergling x2  
  67  5:18  Overlord x2  
  67  5:36  Queen  
  67  5:41  Spine Crawler  
  67  5:42  Zergling x2, Roach x3  
  72  5:43  Roach  
  64  5:56  Roach x3  
  61  6:11  Queen  
  61  6:16  Drone x3  
  57  6:34  Roach  
  52  6:46  Zergling x2, Roach x2  
  52  6:47  Roach x2  
  58  6:51  Roach  
  60  6:59  Roach x4, Overlord x2  
  55  7:13  Ravager x3  
Tags
 
Add a new tag
Caveats
  • Supply blocks, unpowered buildings, or Contaminate may cause inaccurate times.
  • Supply counts are checked every 10 seconds.